 Dungeon Crawl Stone Soup version 0.29.1-15-g9cfb28693d (webtiles) character file.

Game seed: 974385741393930283

679 Ninekei the Conjurer (level 7, -2/36 HPs)
             Began as a Deep Elf Conjurer on Feb 21, 2023.
             Was a Believer of Sif Muna.
             Shot with an arrow by a centaur (11 damage)
             ... on level 4 of the Dungeon.
             The game lasted 00:20:04 (4332 turns).

Ninekei the Conjurer (Deep Elf Conjurer)            Turns: 4332, Time: 00:20:05

Health: -2/36      AC:  3    Str:  4    XL:     7   Next: 34%
Magic:  8/19       EV: 13    Int: 25    God:    Sif Muna [**....]
Gold:   170        SH:  5    Dex: 13    Spells: 14/20 levels left

rFire   . . .      SeeInvis .   q - staff of conjuration
rCold   + . .      Faith    .   (no shield)
rNeg    . . .      Spirit   .   a - +0 robe
rPois   .          Reflect  +   (no helmet)
rElec   .          Harm     .   (no cloak)
rCorr   .          Rampage  .   o - +0 pair of gloves
Will    .....                   (no boots)
Stlth   ++........              c - amulet of reflection
HPRegen 0.12/turn               i - ring of protection from cold
MPRegen 0.16/turn               (no ring)

@: no status effects
A: no striking features
a: Renounce Religion, Channel Magic


You were on level 4 of the Dungeon.
You worshipped Sif Muna.
Sif Muna was pleased with you.
You visited 1 branch of the dungeon, and saw 4 of its levels.

You collected 170 gold pieces.

Inventory:

Hand Weapons
 f - a +0 short sword
 j - a +0 whip
 k - a +0 falchion
 s - a +0 dagger of electrocution
Armour
 a - a +0 robe (worn)
 o - a +0 pair of gloves (worn)
Magical Staves
 e - a staff of cold
 q - a staff of conjuration (weapon)
Jewellery
 c - an amulet of reflection (around neck)
 d - an amulet of reflection
 i - a ring of protection from cold (left hand)
Scrolls
 b - a scroll of noise {unknown}
 h - 4 scrolls of identify
 m - a scroll of fog
 t - a scroll of teleportation {unknown}
Potions
 g - 5 potions of curing
 l - a potion of might {unknown}
 n - a potion of mutation {unknown}
 p - a potion of cancellation {unknown}
 r - a potion of brilliance {unknown}


   Skills:
 + Level 0.1 Fighting
 + Level 3.7 Dodging
 - Level 3.0 Stealth
 + Level 0.7 Shields
 + Level 7.2 Spellcasting
 + Level 7.4 Conjurations


You had 14 spell levels left.
You knew the following spells:

 Your Spells              Type           Power      Damage    Failure   Level
a - Magic Dart            Conj           100%       1d8       1%          1
b - Searing Ray           Conj           100%       2d8       1%          2
c - Dazzling Flash        Conj/Hex       82%        N/A       4%          3

Your spell library contained the following spells:

 Spells                   Type           Power      Damage    Failure   Level
 Summon Small Mammal      Summ           36%        N/A       7%          1
 Fulminant Prism          Conj/Hex       20%        3d13      14%         4
 Iskenderun's Mystic Bla  Conj/Tloc      41%        2d9       14%         4
 Call Canine Familiar     Summ           9%         N/A       21%         3
 Summon Guardian Golem    Hex/Summ       9%         N/A       21%         3


Dungeon Overview and Level Annotations

Branches:
Dungeon (4/15)
 Temple: D:4-7

Altars:
Kikubaaqudgha
Makhleb
Sif Muna

Shops:
D:4 :


Message History

Confirm with . or Enter, or press ? or * to list all spells.
Restarting spell: Searing Ray (safe; 1% risk of failure)
Press: ? - help, Shift-Dir - straight line, f/p - adder
Aim: an adder (heavily wounded, 72% to hit)
You feel a surge of power!
The searing ray hits the adder!
You kill the adder!
Sif Muna accepts your kill.
The searing ray misses the goblin. (Press . to maintain the ray.)
The centaur shouts!
You hear a bark!
The centaur wields a +1 shortbow of flaming.
It bursts into flame!
The centaur shoots an arrow.
The arrow hits you. The arrow burns you.
The searing ray hits the goblin!
You kill the goblin!
Sif Muna accepts your kill.
The centaur shoots an arrow.
The arrow hits you! The arrow burns you.
Casting: Searing Ray (safe; 1% risk of failure)
Confirm with . or Enter, or press ? or * to list all spells.
You can't see any susceptible monsters within range! (Use Z to cast anyway.) Unknown command.
The centaur shoots an arrow.
The arrow barely misses you.
The centaur shoots an arrow.
The arrow hits you!
* * * LOW HITPOINT WARNING * * *
The arrow burns you.
* * * LOW HITPOINT WARNING * * *
Okay, then.
Casting: Searing Ray (safe; 1% risk of failure)
Confirm with . or Enter, or press ? or * to list all spells.
Okay, then.
Casting: Searing Ray (safe; 1% risk of failure)
Confirm with . or Enter, or press ? or * to list all spells.
Aiming: Searing Ray (safe; 1% risk of failure)
Press: ? - help, Shift-Dir - straight line, f - centaur
Aim: a centaur, wielding a +1 shortbow of flaming (90% to hit)
You feel a surge of power!
The searing ray hits the centaur!
The centaur is moderately wounded. (Press . to maintain the ray.)
The centaur shoots an arrow.
The arrow hits you!
You die...

##.....####........
##.....# #......#.
###...#..## #...)##..
)....###..###...#...#
....## ##............
##..# ##.........#.. )
#..## #..........##. $.
#..## ##..........# |.?
#...###.........@.#
..c.
.>..##............#...#
........#.........†c†#
.......####...#..)..##
##....#.#
#...#.###.....
###..##.# #...#.# ##...
####(# ####...### ###
.###.###.......##
#.##....#######.#


You could see a centaur.

Vanquished Creatures
  An ogre (D:4)
  2 necrophages (D:4)
  A water moccasin zombie (D:4)
  A centaur zombie (D:4)
  A human zombie (D:4)
  A hound (D:4)
  A gnoll bouda (D:4)
  Terence (D:2)
  3 scorpion zombies (D:4)
  An iguana (D:4)
  2 hound zombies (D:4)
  4 gnolls (D:4)
  4 adders
  2 adder zombies (D:4)
  An orc (D:4)
  3 ball pythons
  7 bats
  4 endoplasms
  3 giant cockroaches
  5 goblins
  8 hobgoblins
  6 jackals
  7 kobolds
  2 quokkas
  4 frilled lizards
  6 rats
  A spectral goblin (D:1)
82 creatures vanquished.

Notes
Turn   | Place    | Note
-------+----------+-------------------------------------------
     0 | D:1      | Ninekei the Deep Elf Conjurer began the quest for the Orb.
     0 | D:1      | Reached XP level 1. HP: 10/10 MP: 6/6
    24 | D:1      | You fall into a shaft and drop 1 floor!
    69 | D:2      | Noticed Terence
   304 | D:1      | Reached XP level 2. HP: 15/15 MP: 4/8
   634 | D:1      | Found a faded altar of an unknown god.
   644 | D:1      | Prayed at the altar of an unknown god.
   644 | D:1      | Became a worshipper of Sif Muna the Loreminder
   644 | D:1      | Reached * piety under Sif Muna
   837 | D:1      | Learned a level 2 spell: Searing Ray
  1001 | D:2      | Reached XP level 3. HP: 19/19 MP: 6/10
  1224 | D:2      | Killed Terence
  1225 | D:2      | Reached skill level 5 in Conjurations
  1883 | D:3      | Learned a level 3 spell: Dazzling Flash
  1969 | D:3      | Reached XP level 4. HP: 24/24 MP: 10/12
  2780 | D:4      | Found Noism's Book Emporium.
  2936 | D:4      | Reached ** piety under Sif Muna
  2940 | D:4      | Reached XP level 5. HP: 25/28 MP: 5/13
  3218 | D:4      | Reached skill level 5 in Spellcasting
  3392 | D:4      | Reached XP level 6. HP: 32/32 MP: 10/16
  3792 | D:4      | Reached XP level 7. HP: 35/36 MP: 8/19
  3855 | D:4      | Found an ancient bone altar of Kikubaaqudgha.
  3929 | D:4      | Found a burning altar of Makhleb.
  4332 | D:4      | Shot with an arrow by a centaur

Illustrated notes

Levels and vault maps discovered:
D:1:      saegor_arrival_simple_e, layout_basic,
          dreamdust_ecumenical_altar_drowned_temple
D:2:      layout_loops_ring, serial_rivers, chequers_serial_rivers_micro_e,
          chequers_serial_rivers_room_a, chequers_serial_rivers_micro_a,
          chequers_serial_rivers_small_b, chequers_serial_rivers_room_b,
          chequers_serial_rivers_micro_a, hangedman_decor_clover_reticule,
          uniq_terence
D:3:      layout_loops_ring
D:4:      layout_layer_cave, lemuel_mausoleum_altar_kikubaaqudgha,
          mainiacjoe_overflow_small_starburst, minmay_temple_entry_nine_rooms,
          cheibrodos_sewer_entry_bend, grunt_decor_mini_mirrors,
          grunt_ministairs_7, nicolae_inconvenience_store, minmay_circle_x

Skill      XL: |  1  2  3  4  5  6  7 |
---------------+----------------------+-----
Stealth        | 3 |  3.0
Conjurations   | 5 6 7 |  7.4
Spellcasting   | 4 5 6 7 |  7.2
Dodging        | 3 |  3.7
Fighting       | |  0.1
Shields        | |  0.7

Action                   |  1- 3 |  4- 6 |  7- 9 || total
-------------------------+-------+-------+-------++-------
Melee: Unarmed           |     5 |       |       ||     5
       Short sword       |     2 |     3 |       ||     5
 Cast: Magic Dart        |    62 |    48 |    24 ||   134
       Searing Ray       |     2 |    27 |     7 ||    36
  Use: Scroll            |     4 |       |       ||     4
       Potion            |       |     2 |       ||     2
Armor: Robe              |     4 |    18 |       ||    22
Dodge: Dodged            |     7 |    28 |     4 ||    39
Block: Other             |     3 |     8 |     1 ||    12
